 Seeded DCSS version 0.32-a0-473-gd044c6f0f0 (webtiles) character file.

Game seed: 3342665431591073458 (custom seed)

21287 CougarLife the Geomancer (level 12, 0/73 HPs)
             Began as a Gargoyle Earth Elementalist on Feb 25, 2024.
             Was a High Priest of Vehumet.
             Killed by an exploding ball lightning (1 damage)
             ... on level 2 of the Lair of Beasts.
             The game lasted 00:23:52 (14373 turns).

CougarLife the Geomancer (GrEE)                    Turns: 14373, Time: 00:23:53

Health: 0/73       AC: 15    Str: 11    XL:     12   Next: 88%
Magic:  15/25      EV: 11    Int: 22    God:    Vehumet [*****.]
Gold:   820        SH:  0    Dex: 10    Spells: 15/30 levels left

rFire   . . .        E - staff of conjuration
rCold   . . .        (no shield)
rNeg    + . .        a - +0 robe
rPois   ∞            O - +2 hat
rElec   +            q - +0 cloak
rCorr   +            I - +0 pair of gloves
SInv    .            D - +0 pair of boots
Will    .....        s - amulet of magic regeneration
Stlth   ++           k - ring of resist corrosion
HPRegen 0.32/turn    (no ring)
MPRegen 0.59/turn

%: no passive effects
@: studying Short Blades
A: sickness immunity, AC +8, negative energy resistance 1, electricity
resistance, torment resistance 1, petrification resistance
a: Renounce Religion


You were on level 2 of the Lair of Beasts.
You worshipped Vehumet.
Vehumet was extremely pleased with you.
You visited 3 branches of the dungeon, and saw 14 of its levels.
You also visited: Sewer, Ossuary and Bailey.

You collected 820 gold pieces.

Inventory:

Missiles
 L - 2 throwing nets
Armour
 a - a +0 robe (worn)
 p - +0 swamp dragon scales
 q - a +0 cloak (worn)
 D - a +0 pair of boots (worn)
 I - a +0 pair of gloves (worn)
 O - a +2 hat (worn)
Magical Staves
 E - a staff of conjuration (weapon)
Jewellery
 k - a ring of resist corrosion (left hand)
 s - an amulet of magic regeneration (around neck)
Wands
 d - a wand of charming (10)
 l - a wand of flame (6)
 N - a wand of mindburst (8)
Scrolls
 c - 6 scrolls of teleportation
 f - 4 scrolls of amnesia
 h - a scroll of brand weapon
 i - 5 scrolls of fog
 n - 3 scrolls of enchant armour
 o - a scroll of identify
 u - 2 scrolls of immolation
 v - 2 scrolls of fear
 x - 3 scrolls of revelation {unknown}
 y - a scroll of noise {unknown}
 z - 2 scrolls of blinking {unknown}
 B - 4 scrolls of enchant weapon {unknown}
 C - a scroll of acquirement
 F - 2 scrolls of vulnerability {unknown}
 G - a scroll of torment {unknown}
 H - a scroll of silence {unknown}
 J - 4 scrolls of poison {unknown}
Potions
 b - 3 potions of magic
 e - 5 potions of heal wounds {unknown}
 g - 7 potions of might
 j - 3 potions of lignification
 m - a potion of brilliance {unknown}
 r - 3 potions of invisibility
 t - 7 potions of enlightenment
 w - 6 potions of curing {unknown}
 A - 2 potions of haste
 K - a potion of cancellation
 M - a potion of mutation {unknown}
 P - 2 potions of resistance {unknown}


   Skills:
 + Level 7.9 Fighting
 - Level 1.5 Dodging
 - Level 2.1 Stealth
 + Level 9.5 Spellcasting
 + Level 12.0 Conjurations
 - Level 7.1 Air Magic
 + Level 12.5 Earth Magic


You had 15 spell levels left.
You knew the following spells:

 Your Spells              Type           Power      Damage    Failure   Level
a - Sandblast             Erth           100%       2d20      1%          1
b - Stone Arrow           Conj/Erth      100%       3d13      1%          3
c - Freezing Cloud        Conj/Ice/Air   27%        6-21      3%          5
d - Conjure Ball Lightni  Conj/Air       34%        3x3d11    5%          6

Your spell library contained the following spells:

 Spells                   Type           Power      Damage    Failure   Level
 Spellforged Servitor     Conj/Summ      26%        N/A       71%         7
 Shock                    Conj/Air       100%       1d9       1%          1
 Sting                    Conj/Alch      100%       1d9       1%          1
 Passwall                 Erth           60%        N/A       1%          3
 Swiftness                Air            42%        N/A       1%          3
 Airstrike                Air            21%        2d(3-19)  1%          4
 Brom's Barrelling Bould  Conj/Erth      77%        2d9       1%          4
 Fulminant Prism          Conj/Alch      26%        3d14      1%          4
 Iskenderun's Mystic Bla  Conj/Tloc      53%        2d11      1%          4
 Bombard                  Conj/Erth      38%        9d7       1%          6
 Petrify                  Alch/Erth      38%        N/A       4%          4
 Apportation              Tloc           20%        N/A       6%          1
 Necrotise                Necr           40%        1d6       6%          1
 Summon Small Mammal      Summ           40%        N/A       6%          1
 Ensorcelled Hibernation  Hex/Ice        20%        N/A       10%         2
 Lesser Beckoning         Tloc           20%        N/A       10%         2
 Ignite Poison            Fire/Alch      10%        N/A       17%         4
 Gell's Gravitas          Tloc           10%        N/A       19%         3
 Teleport Other           Tloc           10%        N/A       19%         3
 Fire Storm               Conj/Fire      26%        8d7       100%        9
 Cigotuvi's Dreadful Rot  Necr/Alch/Air  Unusable   N/A       N/A         2

Dungeon Overview and Level Annotations

Branches:
Dungeon (11/15)            Temple (1/1) D:7            Lair (2/5) D:11
    Orc (0/2) D:9           Sewer (visited)         Ossuary (visited)
 Bailey (visited)
  Swamp: Lair:2-3    Shoals: Lair:2-3     Snake: Lair:2-3    Spider: Lair:2-3

Altars:
Ashenzari
Cheibriados
Dithmenos
Elyvilon
Fedhas
Gozag
Hepliaklqana
Kikubaaqudgha
Makhleb
Nemelex Xobeh
Okawaru
Qazlal
Ru
Sif Muna
Trog
Uskayaw
Vehumet
Wu Jian
Xom
Yredelemnul
Zin
The Shining One

Shops:
D:5 [   D:9 (

Annotations:
D:2 1 runed translucent door, Crazy Yiuf
D:3 3 runed translucent doors, BubbleThief's ghost, amateur OpSh


Innate Abilities, Weirdness & Mutations

You are immune to sickness and miasma.
Your stone body is resilient. (AC +8)
You are immune to poison.
You resist negative energy. (rN+)
You are resistant to electric shocks. (rElec)
You are resistant to unholy torment.
You are immune to petrification.


Message History

The boulder beetle curls into a ball and begins rolling!
You hear an angry hiss. x3; You hear an angry buzzing noise.
Casting: Conjure Ball Lightning (dangerous; 5% risk of failure)
Confirm with . or Enter, or press ? or * to list all spells.
Aiming: Stone Arrow (safe; 1% risk of failure)
Press: ? - help, Shift-Dir - straight line, f - boulder beetle
Aim: a boulder beetle (severely wounded, rolling, 100% to hit)
Okay, then.
Casting: Stone Arrow (safe; 1% risk of failure)
Confirm with . or Enter, or press ? or * to list all spells.
You feel a surge of power!
You create some ball lightning! 3 ball lightnings come into view.
The steam dragon breathes steam at you. The ball of steam hits you!
* * * LOW HITPOINT WARNING * * *
The ball of steam hits your ball lightning.
Your ball lightning resists.
The boulder beetle barely misses you.
The boulder beetle stops rolling and uncurls.
Your ball lightning explodes!
The blast of lightning engulfs you. You resist.
* * * LOW HITPOINT WARNING * * *
The blast of lightning engulfs the fungus!!
The fungus is lightly damaged.
The blast of lightning engulfs the boulder beetle!
The boulder beetle is almost dead.
The blast of lightning engulfs your ball lightning.
Your ball lightning completely resists.
Your ball lightning explodes!
The blast of lightning engulfs the boulder beetle.
The boulder beetle is almost dead.
The blast of lightning engulfs your ball lightning.
Your ball lightning completely resists.
The blast of lightning engulfs you. You resist.
* * * LOW HITPOINT WARNING * * *
Your ball lightning explodes!
The blast of lightning engulfs the plant!
The plant is moderately damaged.
The blast of lightning engulfs you. You resist.
You die...

.#......#.##...##......
.............††........
.#....##P.#...†#######.
##... ####......#
#....## #......##
####.P.##......P#.
##...............
#..>.P§..P..^.....
#.....@§........#
#.).§§§.......##.
##..§§B....##.#
#...§§°.......#
#§#.§.......###
#...#...###P#
..D###.### ## ..# #. ##
..


You could see a boulder beetle.

Vanquished Creatures
  Gastronok (D:11)
  3 two-headed ogres
  Maurice (D:8)
  2 black mambas (Lair:1)
  Maggie (D:9)
  Jeremiah (D:9)
  An unseen horror (D:11)
  2 cane toads (Lair:1)
  2 komodo dragons (Lair:1)
  2 kobold demonologists (Bailey)
  A troll (D:11)
  A hornet (D:7)
  2 shadows
  5 wyverns
  27 yaks
  A wraith (D:11)
  A steam dragon (D:7)
  A warg (D:9)
  2 swamp worms (D:10)
  3 acid dragons
  7 water moccasins
  18 orc warriors
  8 ice beasts
  A sky beast (D:8)
  An ogre (D:4)
  6 wolves (Lair:2)
  5 centaurs
  3 kobold brigands
  2 phantoms
  Blork the orc (D:5)
  A weeping skull (D:10)
  8 bullfrogs
  10 scorpions
  A jelly (D:5)
  14 wights
  14 killer bees
  3 electric eels
  2 bombardier beetles
  A centaur zombie (Ossuary)
  2 human zombies (Ossuary)
  4 hounds
  8 orc priests
  A sleepcap (D:4)
  2 gnoll boudas (D:8)
  2 iguanas
  A scorpion zombie (Ossuary)
  Natasha (thrice) (D:2)
  7 orc wizards
  3 mummies (Ossuary)
  Robin (D:2)
  9 gnolls
  A river rat (D:6)
  8 adders
  A shadow imp (D:7)
  2 white imps
  2 ufetubi (D:7)
  3 adder zombies (Ossuary)
  2 ribbon worms
  3 dart slugs
  29 orcs
  18 ball pythons
  9 endoplasms
  4 giant cockroaches
  3 gnoll zombies (Ossuary)
  21 goblins
  10 hobgoblins
  4 jackals (D:1)
  14 kobolds
  5 quokkas
  A ball python zombie (Ossuary)
  7 bats
  3 frilled lizards
  4 jackal zombies (Ossuary)
  4 orc zombies (Ossuary)
  33 rats
  A spectral orc (D:10)
401 creatures vanquished.

Vanquished Creatures (others)
  36 ball lightnings
36 creatures vanquished.

Grand Total: 437 creatures vanquished

Notes
Turn   | Place    | Note
-------+----------+-------------------------------------------
     0 | D:1      | CougarLife the Gargoyle Earth Elementalist began the quest
                  | for the Orb.
     0 | D:1      | Reached XP level 1. HP: 10/10 MP: 3/3
    85 | D:1      | Reached XP level 2. HP: 14/15 MP: 3/5
   635 | D:1      | Reached XP level 3. HP: 16/19 MP: 3/6
   890 | D:2      | Found a radiant altar of Vehumet.
   900 | D:2      | Became a worshipper of Vehumet
  1078 | D:2      | Noticed Robin
  1082 | D:2      | Killed Robin
  1248 | D:2      | Reached XP level 4. HP: 24/24 MP: 6/8
  1275 | D:2      | Noticed Natasha
  1282 | D:2      | Killed Natasha
  1472 | D:2      | Noticed Natasha
  1476 | D:2      | Killed Natasha
  1501 | D:2      | Noticed Natasha
  1505 | D:2      | Killed Natasha
  1506 | D:2      | Reached XP level 5. HP: 8/28 MP: 5/9
  1593 | D:2      | Learned a level 3 spell: Stone Arrow
  1610 | D:2      | Found a runed translucent door.
  1611 | D:2      | Noticed Crazy Yiuf
  1884 | D:3      | Reached skill level 5 in Earth Magic
  2016 | D:3      | Reached * piety under Vehumet
  2016 | D:3      | Offered knowledge of Magic Dart by Vehumet.
  2625 | D:3      | Found a runed translucent gate.
  2626 | D:3      | Found a runed translucent gate.
  2627 | D:3      | Found a runed translucent gate.
  2628 | D:3      | Noticed a kobold brigand
  2630 | D:3      | Noticed BubbleThief's ghost (amateur OpSh)
  2841 | D:3      | Found a faded altar of an unknown god.
  3060 | D:4      | Reached XP level 6. HP: 32/32 MP: 5/11
  3077 | D:4      | Found a sand-covered staircase.
  3081 | Ossuary  | Entered an ossuary
  3569 | Ossuary  | Reached XP level 7. HP: 30/36 MP: 9/13
  3866 | Ossuary  | Reached skill level 5 in Conjurations
  3971 | Ossuary  | Reached skill level 5 in Spellcasting
  4126 | D:4      | Offered knowledge of Scorch by Vehumet.
  4137 | D:4      | Reached XP level 8. HP: 41/41 MP: 15/15
  4202 | D:4      | Reached ** piety under Vehumet
  4707 | D:4      | Got the Handbook of Tephra and Chilblains
  5239 | D:5      | Entered Level 5 of the Dungeon
  5391 | D:5      | Found Conizxei's Armour Shoppe.
  5564 | D:5      | Reached skill level 1 in Air Magic
  5778 | D:5      | Noticed Blork the orc
  5781 | D:5      | Killed Blork the orc
  6330 | D:6      | Found a white marble altar of Elyvilon.
  6491 | D:6      | Reached XP level 9. HP: 45/45 MP: 17/17
  6496 | D:6      | Offered knowledge of Static Discharge by Vehumet.
  6513 | D:6      | Found a glowing drain.
  6519 | Sewer    | Entered a sewer
  6544 | Sewer    | Reached *** piety under Vehumet
  6580 | Sewer    | Learned a level 5 spell: Freezing Cloud
  6704 | Sewer    | Offered knowledge of Flame Wave by Vehumet.
  7208 | D:7      | Noticed a two-headed ogre
  7213 | D:7      | Killed a two-headed ogre
  7518 | D:7      | Noticed a hornet
  7523 | D:7      | Killed a hornet
  7578 | D:7      | Found a hide-covered altar of Uskayaw.
  7587 | D:7      | Noticed a +0 hand axe
  7588 | D:7      | Noticed a +0 hand axe
  7604 | D:7      | Found a staircase to the Ecumenical Temple.
  7611 | D:7      | Reached XP level 10. HP: 50/50 MP: 19/19
  7613 | Temple   | Entered the Ecumenical Temple
  7817 | D:8      | Reached skill level 5 in Air Magic
  7819 | D:8      | Reached **** piety under Vehumet
  7909 | D:8      | Found a shimmering altar of Xom.
  7915 | D:8      | Found a glowing golden altar of the Shining One.
  7919 | D:8      | Found a glowing silver altar of Zin.
  7979 | D:8      | Found a flagged portal.
  8020 | Bailey   | Entered a bailey
  8042 | Bailey   | Offered knowledge of Iskenderun's Mystic Blast by Vehumet.
  8185 | Bailey   | Reached skill level 1 in Fighting
  8775 | Bailey   | Noticed a kobold demonologist
  9129 | Bailey   | Acquired the Incunabulum of Violence
  9169 | Bailey   | Found an iron altar of Okawaru.
  9171 | Bailey   | Noticed a kobold demonologist
  9178 | Bailey   | Killed a kobold demonologist
  9184 | Bailey   | Killed a kobold demonologist
  9222 | Bailey   | Got the Parchment of the Six Portals
  9248 | Bailey   | Identified the +0 robe "Hoag" {Fly rPois Regen+ Int-2}
  9513 | D:8      | Reached ***** piety under Vehumet
  9516 | D:8      | Reached skill level 10 in Earth Magic
  9572 | D:8      | Offered knowledge of Sticky Flame by Vehumet.
  9725 | D:8      | Reached skill level 10 in Conjurations
  9881 | D:8      | Noticed Maurice
  9886 | D:8      | Maurice stole a ring of positive energy
  9951 | D:8      | Killed Maurice
  9952 | D:8      | Reached XP level 11. HP: 54/61 MP: 19/22
 10233 | D:9      | Noticed Jeremiah
 10237 | D:9      | Killed Jeremiah
 10385 | D:9      | Noticed Maggie
 10391 | D:9      | Killed Maggie
 10494 | D:9      | Found a staircase to the Orcish Mines.
 11117 | D:9      | Found Yshovvea's Weapon Emporium.
 11257 | D:10     | Entered Level 10 of the Dungeon
 11265 | D:10     | Reached skill level 5 in Fighting
 11266 | D:10     | Noticed a two-headed ogre
 11270 | D:10     | Killed a two-headed ogre
 11448 | D:10     | Learned a level 6 spell: Conjure Ball Lightning
 11467 | D:10     | Offered knowledge of Spellforged Servitor by Vehumet.
 11613 | D:10     | Found a basalt altar of Yredelemnul.
 12018 | D:11     | Reached XP level 12. HP: 53/70 MP: 20/24
 12165 | D:11     | Noticed Gastronok
 12166 | D:11     | Noticed a two-headed ogre
 12175 | D:11     | Killed Gastronok
 12185 | D:11     | Killed a two-headed ogre
 12263 | D:11     | Found a staircase to the Lair.
 13065 | Lair:1   | Entered Level 1 of the Lair of Beasts
 14361 | Lair:2   | Noticed a boulder beetle
 14373 | Lair:2   | HP: 2/73 [spore (5)]
 14373 | Lair:2   | Killed by an exploding ball lightning

Illustrated notes

Levels and vault maps discovered:
D:1:      minmay_arrival_stair_chambers, layout_loops_cross
D:2:      layout_basic, basic_altar, chequers_serial_rivers_marsh, uniq_robin,
          uniq_natasha, uniq_crazy_yiuf_cottage
D:3:      layout_basic, gammafunk_ghost_nasty_kobolds,
          ebering_ecumenical_altar_webs, nrook_mini_vaults, minmay_fountain_box,
          minmay_cupped
D:4:      layout_layer_cave, enter_ossuary_5
D:5:      layout_gridville, serial_shops, shop, uniq_blork_the_orc
D:6:      layout_loops_ring, elyvilon_altar_3, gup_sewer_entry_bubbles
D:7:      layout_cave_pools, dancing_weapons_uskayaw, temple_fountains
D:8:      layout_basic, minmay_overflow_temple_star_quad, enter_bailey_7,
          nicolae_grassy_gnolls, uniq_maurice
D:9:      layout_basic, david_orc_3, serial_shops, kennysheep_mini,
          uniq_jeremiah, uniq_maggie
D:10:     minmay_twisted_water, layout_rooms,
          yredelemnul_forgotten_temple_becter, worms_lemuel
D:11:     layout_basic, minmay_lair_entry_grove, minmay_misc_feat_doors,
          uniq_gastronok
Temple:   compressed_dpeg_triangle_lava_temple
Lair:1:   layout_cave_pods, serial_bayou_shore_b, grunt_megastairs_3,
          infiniplex_staircase_pool_2
Lair:2:   dragon1_lemuel, layout_misc_corridors,
          mainiacjoe_swamp_entry_angry_trees

Skill      XL: |  1  2  3  4  5  6  7  8  9 10 11 12 |
---------------+-------------------------------------+-----
Earth Magic    | 4 5 6 7 8 10 11 12 | 12.5
Conjurations   | 2 3 4 5 7 8 10 11 12 | 12.0
Spellcasting   | 3 4 5 6 7 8 9 |  9.5
Air Magic      | 2 4 5 6 7 |  7.1
Fighting       | 4 6 7 |  7.9
Dodging        | |  1.5
Stealth        | |  2.1

Action                     |  1- 3 |  4- 6 |  7- 9 | 10-12 || total
---------------------------+-------+-------+-------+-------++-------
  Melee: Mace              |    18 |    39 |     9 |       ||    66
         Staff             |       |       |     3 |     9 ||    12
   Cast: Sandblast         |    42 |    66 |   170 |   188 ||   466
         Stone Arrow       |       |     2 |    19 |    50 ||    71
         Freezing Cloud    |       |       |       |    53 ||    53
         Conjure Ball Ligh |       |       |       |    15 ||    15
    Use: Scroll            |       |       |    11 |     3 ||    14
 Armour: Robe              |    19 |    50 |    84 |   130 ||   283
         Skin              |       |       |       |     2 ||     2
  Dodge: Dodged            |    15 |    47 |    56 |    80 ||   198

Table legend: (Time is in decaauts)
 A = Elapsed time spent in this place.
 B = Non-inter-level travel time spent in this place.
 C = Inter-level travel time spent in this place.
 D = Time resting spent in this place.
 E = Time spent auto-exploring this place.
 F = Levels seen in this place.
 G = Mean time per level.
                   A        B        C        D        E       F      G
               +--------+--------+--------+--------+--------+-----+--------+
         Total |  14738 |  14249 |    489 |   3309 |   7824 |  17 |  866.9 |
       Dungeon |  10637 |  10183 |    454 |   1583 |   6765 |  11 |  967.0 |
        Temple |      1 |      1 |      0 |      0 |      0 |   1 |    1.0 |
          Lair |   1327 |   1292 |     35 |    348 |    542 |   2 |  663.5 |
         Sewer |    360 |    360 |      0 |     95 |    170 |   1 |  360.0 |
       Ossuary |   1016 |   1016 |      0 |    400 |    211 |   1 | 1016.0 |
        Bailey |   1394 |   1394 |      0 |    883 |    135 |   1 | 1394.0 |
               +--------+--------+--------+--------+--------+-----+--------+

Top non-repeatable levels by time:
  Bailey: 1394 daAuts
  Lair:1: 1261 daAuts
     D:4: 1231 daAuts
     D:3: 1189 daAuts
     D:9: 1100 daAuts
    D:11: 1098 daAuts
     D:5: 1052 daAuts
 Ossuary: 1016 daAuts
     D:2: 979 daAuts
     D:8: 949 daAuts
     D:1: 936 daAuts
    D:10: 762 daAuts
     D:7: 679 daAuts
     D:6: 659 daAuts
   Sewer: 360 daAuts
